 Dungeon Crawl Stone Soup version 0.14-a0-2848-g1d0399b (webtiles) character file.

9131 Neoxx the Carver (level 11, -5/81 HPs)
             Began as a Formicid Chaos Knight on Feb 27, 2014.
             Was a Plaything of Xom.
             Slain by an octopode
             ... wielding a +0,+0 falchion
              (14 damage)
             ... on Level 1 of the Abyss.
             The game lasted 00:40:58 (11409 turns).

Neoxx the Carver (Formicid Chaos Knight)           Turns: 11409, Time: 00:40:58

HP  -5/81        AC 17     Str 20      XL: 11   Next: 63%
MP  24/24        EV 10     Int 12      God: Xom
Gold 278         SH  0     Dex 13 (14) Spells:  2 memorised,  6 levels left

rFire  + + .     SeeInvis +     a - +1,+2 scimitar (elec)
rCold  + + .     Clarity  .     f - +5 ring mail "Prustrib" {Dex+1 Stlth--}
rNeg   . . .     Conserve .     (no shield)
rPois  .         rCorr    .     (helmet unavailable)
rElec  .         rRot     .     s - +2 elf cloak
SustAb . .       Spirit   .     U - +1 pair of gloves "Coeg Zat" {Str+2 Int+1 Dam+3}
rMut   .         Warding  .     (no boots)
Gourm  +         Stasis   +     J - amulet "Fulyni" {Gourm rF++ rC++ Acc+5}
MR     +....                    G - ring of invisibility
                                W - ring of wizardry

@: burdened, heavily drained, slow, somewhat resistant to hostile enchantments,
extremely unstealthy
A: permanent stasis, dig shafts and tunnels, four strong arms, poison weakness,
antennae 3, spit poison 1, wild magic 1, exoskeleton 1
a: Dig, Shaft Self, Spit Poison, Renounce Religion, Evoke Invisibility


You were on level 1 of the Abyss.
You worshipped Xom.
You were a plaything of Xom.
You were encumbered.
You were not hungry.

You visited 2 branches of the dungeon, and saw 11 of its levels.
You visited the Abyss 1 time.

You collected 755 gold pieces.
You spent 477 gold pieces at shops.

Inventory:

Hand weapons
 a - a +1,+2 scimitar of electrocution (weapon)
 w - a +0 blowgun
 E - a +1,+0 dagger of venom
Missiles
 g - 25 poisoned needles
 j - 19 darts
 v - 5 throwing nets
 y - 5 javelins of penetration
 S - 3 large rocks
 Y - 2 tomahawks (quivered)
Armour
 f - the +5 ring mail "Prustrib" (worn) {Dex+1 Stlth--}
   (You bought it in a shop on level 4 of the Dungeon)

   It affects your dexterity (+1).
   It makes you much less stealthy.
 s - a +2 elven cloak (worn)
 U - the +1 pair of gloves "Coeg Zat" (worn) {Str+2 Int+1 Dam+3}
   (You bought it in a shop on level 4 of the Dungeon)

   It affects your strength (+2).
   It affects your intelligence (+1).
   It affects your damage with ranged weapons and melee attacks (+3).
Magical devices
 c - a wand of random effects (13) {unknown}
 t - a wand of fire (11)
 M - a wand of draining (1)
 N - a wand of frost (6)
 O - a wand of fireball (1)
 R - a wand of fire (2)
 T - a wand of fire (11)
 V - a wand of fire (9)
Comestibles
 h - 12 honeycombs
 x - 8 meat rations
 B - 3 lemons
 P - 3 beef jerkies
Scrolls
 e - 6 scrolls of identify
 i - a scroll of enchant weapon II
 o - a scroll of noise
 q - 2 scrolls of magic mapping
 r - 5 scrolls of remove curse
 z - a scroll of amnesia
 A - a scroll of enchant weapon I
 L - a scroll of fear
Jewellery
 m - an uncursed ring of protection from cold
 n - an uncursed ring of fire
 G - a ring of invisibility (right hand)
 J - the amulet "Fulyni" (around neck) {Gourm rF++ rC++ Acc+5}
   (Xom gifted it to you on level 3 of the Dungeon)

   [amulet of the gourmand]

   It affects your accuracy with ranged weapons and melee attacks (+5).
   It greatly protects you from fire.
   It greatly protects you from cold.
 W - a ring of wizardry (left hand)
Potions
 d - a potion of magic
 l - 2 potions of heal wounds
 p - 9 potions of curing
 u - 4 potions of brilliance
 C - a potion of porridge
 F - a potion of invisibility
 H - a potion of agility
 Q - 3 potions of restore abilities
Miscellaneous
 D - a lamp of fire


   Skills:
 - Level 5.7(4.2) Fighting
 * Level 12.9(11.0) Long Blades
 - Level 2.4(1.0) Throwing
 - Level 6.2(4.6) Armour
 - Level 0.8(0.0) Dodging
 + Level 10.5(8.7) Evocations


You had 6 spell levels left.
You knew the following spells:

 Your Spells              Type           Power        Failure   Level  Hunger
a - Summon Butterflies    Summ           #.......     22%         1    ##.....
b - Flight                Chrm/Air       #.........   67%         3    ####...


Dungeon Overview and Level Annotations

Branches:
Dungeon (10/16)            Temple (0/1) D:4             Orc (0/4) D:9
   Lair (1/8) D:8

Altars:
Ashenzari
Sif Muna
Trog
Xom
Yredelemnul

Shops:
D:4 =?:[[   D:9 (

Annotations:
D:10 Sonja


Innate Abilities, Weirdness & Mutations

Your are under a permanent stasis effect.
You can dig through walls and to a lower floor.
Your four strong arms can wield any weapon, most with a shield.
You have a pair of large antennae on your head (SInv).
Your body is surrounded by an exoskeleton. (AC +1)
You can spit poison.
Your spells are a little harder to cast, but a little more powerful.


Message History

You start resting.
You sense a monster nearby.
You start resting.
An octopode comes into view. It is wielding a falchion.
The octopode shouts!
Your magical contamination has completely faded away.
Throwing (i - inventory. (,) - cycle):
Y - 3 tomahawks (quivered)
Press: ? - help, Shift-Dir - straight line, f - octopode
Aim: an octopode, wielding a falchion and wearing a glowing hat You throw a tomahawk.
The tomahawk misses the octopode.
You hit the octopode.
The octopode is lightly wounded.
The octopode tentacle-slaps you!
* * * LOW HITPOINT WARNING * * *
The octopode barely misses you.
You hit the octopode but do no damage.
The octopode is lightly wounded.
The octopode tentacle-slaps you!
You die...
Xom guffaws!

...
#......
#...#...
#.......
#.......
. #
#.....#
#..#. ...
#....##.#
#.....@#
#.###x##
#.## #..
....
#(.## .#.
#.


You could see an octopode.

Vanquished Creatures
  Gastronok (D:10)
  Harold (D:10)
  Josephine (D:10)
  A sixfirhy (Abyss:1)
  Grinder (D:6)
  7 yaks
  Edmund (D:8)
  4 sky beasts
  4 orc warriors
  A black bear (D:9)
  3 ogres
  A phantom (D:7)
  2 centaurs
  2 yellow wasps
  4 ice beasts
  2 wargs (D:8)
  A giant slug (D:8)
  Sigmund (D:6)
  2 giant frogs
  3 water moccasins
  Blork the orc (D:5)
  A hippogriff zombie (D:6)
  An eye of draining (D:10)
  A hippogriff skeleton (D:10)
  2 spiders (D:8)
  6 crimson imps
  2 hounds
  2 centaur skeletons
  5 orc priests
  2 giant frog skeletons
  4 quasits
  3 scorpions
  2 centaur zombies
  3 iguanas
  2 orc wizards (D:8)
  Natasha (thrice) (D:3)
  Ijyb (D:6)
  A hound skeleton (D:5)
  A mummy (D:8)
  9 gnolls
  10 adders
  A green rat (D:10)
  A human (D:9)
  2 giant mites (D:4)
  An inept feature mimic (D:6)
  3 worms
  An ufetubus (D:7)
  3 giant geckos
  2 oozes
  30 orcs
  2 giant cockroaches
  21 hobgoblins
  14 jackals
  6 quokkas
  14 bats
  8 giant newts
  9 goblins
  A goblin zombie (D:9)
  11 kobolds
  A kobold skeleton (D:9)
  2 orc skeletons (D:6)
  2 orc zombies
  20 rats
  A rat skeleton (D:7)
261 creatures vanquished.

Vanquished Creatures (collateral kills)
  2 yaks
  An ogre (D:3)
  A warg (D:4)
  A hippogriff skeleton (D:6)
  A brain worm zombie (D:10)
  A hound skeleton (D:4)
7 creatures vanquished.

Vanquished Creatures (others)
  A quasit (D:10)
  A hobgoblin (D:10)
  A rat (D:4)
3 creatures vanquished.

Grand Total: 271 creatures vanquished

Notes
Turn   | Place    | Note
--------------------------------------------------------------
     0 | D:1      | Neoxx, the Formicid Chaos Knight, began the quest for the Orb.
     0 | D:1      | Reached XP level 1. HP: 18/18 MP: 1/1
   101 | D:1      | Reached XP level 2. HP: 22/24 MP: 2/2
   305 | D:1      | XOM: medium Trmt miscast
   578 | D:1      | XOM: scenery: create altars
   787 | D:1      | Reached skill level 4 in Long Blades
   787 | D:1      | Reached XP level 3. HP: 24/29 MP: 3/3
   798 | D:1      | XOM: colour smoke trail
   816 | D:1      | XOM: cast spell 'Cause Fear'
   963 | D:1      | XOM: vitrification
  1199 | D:2      | XOM: snakes to sticks
  1281 | D:1      | Reached skill level 1 in Throwing
  1468 | D:2      | XOM: god gift: paperback book {god gift}
  1472 | D:2      | Learned a level 1 spell: Summon Butterflies
  1567 | D:2      | Reached XP level 4. HP: 26/35 MP: 4/4
  1932 | D:3      | Noticed Natasha
  1941 | D:3      | XOM: cast spell 'Summon Small Mammal'
  1945 | D:3      | XOM: summons friendly ice devil
  1947 | D:3      | Killed Natasha
  2015 | D:3      | Noticed an ogre
  2019 | D:3      | Killed an ogre
  2019 | D:3      | Reached XP level 5. HP: 21/41 MP: 5/5
  2215 | D:3      | Noticed Natasha
  2221 | D:3      | Killed Natasha
  2469 | D:3      | XOM: divination: detect creatures
  2491 | D:3      | XOM: god gift: vibrating ruby amulet {god gift}
  2492 | D:3      | Got a vibrating ruby amulet {god gift}
  2571 | D:3      | XOM is BORED!
  2571 | D:3      | XOM: medium Hex miscast
  2608 | D:3      | Reached XP level 6. HP: 38/48 MP: 6/6
  2688 | D:3      | XOM: god gift: sling {god gift}
  2698 | D:3      | Noticed Natasha
  2711 | D:3      | Killed Natasha
  2732 | D:3      | Identified the amulet "Fulyni" {Gourm rF++ rC++ Acc+5} (Xom gifted it to you on level 3 of the Dungeon)
  2826 | D:3      | XOM: give mutations
  2826 | D:3      | Gained mutation: Your vision is a little blurry. [Xom's mischief]
  2826 | D:3      | Gained mutation: You are clumsy. (Dex -2) [Xom's mischief]
  2826 | D:3      | Lost mutation: Your vision is a little blurry. [Xom's mischief]
  2947 | D:3      | XOM: give mutations
  2947 | D:3      | Gained mutation: Your spells are a little harder to cast, but a little more powerful. [Xom's grace]
  2947 | D:3      | Gained mutation: You can spit poison. [Xom's grace]
  2947 | D:3      | Gained mutation: You evolve. [Xom's grace]
  2947 | D:3      | Gained mutation: You have a somewhat thin skeletal structure (Dex +2, Stlth). [Xom's grace]
  3068 | D:3      | XOM: divination: magic mapping
  3155 | D:3      | Found a bloodstained altar of Trog.
  3194 | D:4      | Found Chuuxzua's Antique Armour Boutique.
  3222 | D:4      | Found Caotaen's Book Emporium.
  3244 | D:4      | Found Sastrupt's Magic Scroll Emporium.
  3472 | D:4      | XOM: divination: detect creatures
  3482 | D:4      | XOM: inner flame monster(s)
  3519 | D:4      | XOM: cast spell 'Spider Form'
  3550 | D:4      | XOM: cast spell 'Chain of Chaos'
  3590 | D:4      | XOM: vitrification
  3860 | D:4      | Found Nucadu's Antique Armour Shoppe.
  3877 | D:4      | Bought a bloodstained ring mail for 279 gold pieces
  3889 | D:4      | Identified the +5 ring mail "Prustrib" {Dex+1 Stlth--} (You bought it in a shop on level 4 of the Dungeon)
  3891 | D:4      | Bought a cloak for 31 gold pieces
  3932 | D:4      | Reached XP level 7. HP: 50/55 MP: 7/7
  3935 | D:4      | XOM: god gift: long runed staff {god gift}
  3977 | D:4      | XOM: polymorph ogre -> warg
  3983 | D:4      | XOM: divination: detect creatures
  3992 | D:4      | XOM: confuse monster(s)
  4015 | D:4      | Reached skill level 5 in Armour
  4048 | D:4      | Reached skill level 5 in Fighting
  4154 | D:4      | Found Waefeum's Jewellery Boutique.
  4166 | D:4      | XOM: god gift: 8 poisoned arrows
  4184 | D:4      | XOM: vitrification
  4241 | D:4      | Noticed a yak
  4242 | D:4      | Found a staircase to the Ecumenical Temple.
  4242 | D:4      | Noticed a yak
  4243 | D:4      | Noticed a yak
  4260 | D:4      | Killed a yak
  4260 | D:4      | Reached skill level 1 in Evocations
  4282 | D:4      | Killed a yak
  4284 | D:3      | XOM: summons 4 friendly demons
  4285 | D:3      | Killed a yak
  4285 | D:3      | Reached XP level 8. HP: 24/63 MP: 8/10
  4451 | D:3      | Lost mutation: You are clumsy. (Dex -2) [evolution]
  4451 | D:3      | Lost mutation: You evolve. [end of evolution]
  4540 | D:4      | XOM: polymorph worker ant -> giant mite
  4553 | D:4      | XOM: vitrification
  4587 | D:5      | Entered Level 5 of the Dungeon
  4598 | D:5      | Reached skill level 6 in Armour
  4641 | D:5      | Found a shattered altar of Ashenzari.
  4666 | D:5      | Noticed Eustachio
  4675 | D:5      | Noticed Eustachio
  4675 | D:5      | Eustachio changed into Eustachio the water moccasin
  4675 | D:5      | XOM: polymorph Eustachio -> Eustachio the water moccasin
  4680 | D:5      | Killed Eustachio the water moccasin
  4737 | D:5      | Reached skill level 5 in Long Blades
  4784 | D:5      | XOM: god gift: pair of runed gloves {god gift}
  4871 | D:5      | Noticed Blork the orc
  4888 | D:5      | Killed Blork the orc
  4994 | D:5      | XOM: colour smoke trail
  5037 | D:6      | Noticed Grinder
  5037 | D:6      | Noticed Ijyb
  5114 | D:6      | XOM: enchant monster (good)
  5142 | D:6      | XOM: noise
  5149 | D:6      | Killed Grinder
  5386 | D:6      | XOM: medium Necr miscast
  5387 | D:6      | Noticed a shadow
  5396 | D:6      | XOM: divination: magic mapping
  5398 | D:6      | XOM: confuse monster(s)
  5409 | D:6      | Reached XP level 9. HP: 40/69 MP: 14/16
  5621 | D:6      | Noticed Sigmund
  5629 | D:6      | Killed Sigmund
  5629 | D:6      | Reached skill level 5 in Evocations
  5651 | D:6      | XOM: harmless Trmt miscast
  5667 | D:6      | Reached skill level 7 in Long Blades
  5709 | D:6      | XOM: vitrification
  5725 | D:6      | XOM: enchant monster (good)
  5870 | D:6      | XOM: confuse monster(s)
  5916 | D:6      | Killed Ijyb
  5916 | D:6      | Reached skill level 8 in Long Blades
  6425 | D:7      | XOM: medium Fire miscast
  6623 | D:7      | XOM: silly message
  6657 | D:6      | XOM: enchant monster (bad)
  6659 | D:6      | XOM: give mutation
  6659 | D:6      | Lost mutation: You have a somewhat thin skeletal structure (Dex +2, Stlth). [Xom's mischief]
  6662 | D:6      | XOM: enchant monster (good)
  6750 | D:6      | XOM: confusion
  6752 | D:6      | XOM: polymorph orc warrior -> water moccasin
  7029 | D:7      | XOM: medium Summ miscast
  7177 | D:7      | XOM: colour smoke trail
  7269 | D:7      | XOM: draining
  7426 | D:7      | Learned a level 3 spell: Flight
  7509 | D:8      | Found a staircase to the Lair.
  7540 | D:8      | XOM: colour smoke trail
  7555 | D:8      | Reached skill level 9 in Long Blades
  7573 | D:8      | Reached XP level 10. HP: 49/76 MP: 20/20
  7592 | Lair:1   | Entered Level 1 of the Lair of Beasts
  7773 | D:8      | Noticed Edmund
  7782 | D:8      | Killed Edmund
  8102 | D:7      | XOM: god gift: sedimented purple potion
  8404 | D:8      | XOM: silly message
  8422 | D:8      | XOM: noise
  8614 | D:8      | Identified the Collected Works on Summoning
  8954 | D:8      | Reached skill level 10 in Long Blades
  9248 | D:4      | XOM: harmless Conj miscast
  9268 | D:4      | Bought a pair of crude gloves for 167 gold pieces
  9272 | D:4      | Identified the +1 pair of gloves "Coeg Zat" {Str+2 Int+1 Dam+3} (You bought it in a shop on level 4 of the Dungeon)
  9445 | D:9      | XOM: divination: magic mapping
  9504 | D:9      | XOM: medium Pois miscast
  9585 | D:9      | Found a staircase to the Orcish Mines.
  9587 | D:9      | Found Scheac's Weapon Shoppe.
  9714 | D:9      | XOM: medium Necr miscast
  9745 | D:9      | Reached skill level 11 in Long Blades
 10221 | D:9      | Found a basalt altar of Yredelemnul.
 10315 | D:9      | Found a basalt altar of Yredelemnul.
 10315 | D:9      | Found a deep blue altar of Sif Muna.
 10366 | D:10     | Entered Level 10 of the Dungeon
 10430 | D:10     | Noticed Gastronok
 10446 | D:10     | XOM: harmless Ice miscast
 10449 | D:10     | XOM: harmless Ice miscast
 10451 | D:10     | XOM: summons 2 friendly demons
 10454 | D:10     | Killed Gastronok
 10454 | D:10     | Reached skill level 12 in Long Blades
 10454 | D:10     | Reached XP level 11. HP: 58/81 MP: 23/23
 10478 | D:10     | Noticed Josephine
 10481 | D:10     | XOM: harmless Fire miscast
 10490 | D:10     | XOM: inner flame monster(s)
 10492 | D:10     | Killed Josephine
 10492 | D:10     | Reached skill level 10 in Evocations
 10591 | D:10     | XOM: god gift: 6 honeycombs
 10705 | D:10     | XOM: mild Summ miscast
 10781 | D:10     | XOM: scenery: create altars
 10820 | D:10     | Noticed Harold
 10842 | D:10     | Killed Harold
 11012 | D:10     | Noticed Sonja
 11018 | D:10     | XOM: summons 7 friendly demons
 11022 | D:10     | Cast into the Abyss (Sonja)
 11190 | Abyss:1  | XOM: divination: detect creatures
 11327 | Abyss:1  | Noticed a large abomination
 11327 | Abyss:1  | XOM: confuse monster(s)
 11330 | Abyss:1  | XOM: enchant monster (bad)
 11333 | Abyss:1  | HP: 3/81 [sixfirhy (7)]
 11409 | Abyss:1  | Slain by an octopode

Action                   |  1- 3 |  4- 6 |  7- 9 | 10-12 || total
-------------------------+-------+-------+-------+-------++-------
Melee: Falchion          |    82 |       |   380 |       ||   462
       Short sword       |    45 |    14 |       |       ||    59
       Dagger            |       |   215 |    52 |       ||   267
       Unarmed           |       |     3 |     3 |       ||     6
       Scimitar          |       |       |     1 |   286 ||   287
Throw: Javelin           |       |    12 |    21 |       ||    33
       Dart              |       |     5 |       |     3 ||     8
       Tomahawk          |       |       |       |    13 ||    13
 Abil: Dig               |     1 |     4 |    12 |    17 ||    34
       Spit Poison       |       |     1 |     1 |       ||     2
       Evoke Invisibilit |       |       |     1 |     5 ||     6
Evoke: Wand              |       |       |     5 |       ||     5
  Use: Scroll            |       |     8 |     7 |     5 ||    20
       Potion            |       |       |     1 |       ||     1
 Stab: Confused          |       |       |     4 |       ||     4
       Invisible         |       |       |     1 |     8 ||     9
       Paralysed         |       |       |    18 |       ||    18
       Distracted        |       |       |       |     1 ||     1
